Unix NetHack Version 5.0.0-0 post-release - last build May 17 2026 04:57:42 (dc50c8380fa5e20985bfe3072449f57b8d9895ef,branch:main).

Game began 2026-05-17 05:30:09, ended 2026-05-18 18:24:56.

Koku, neutral female gnomish Wizard

                  ---   ---  ----                      ----
            -##- --.--  ..|  |*.|                   ---|..--           ---
         #--#..|--... --..| --..|               -----.--...|        ----.--
       #-#.#...#-...--|...| |...---             |..........|        |.....|
      --.........|...--..-  |.....|------       |......---.--      --.....|
      |..@^.....-|.......|  |.....|.....|      --......| |..|      |......----
        |......#####....-----....-|..--.|     --......-- --.|      |.........--
        --......####....|........|-----.--    |.......--  |.|      ---........|
         --.....................------...------*-.....^|  |.|        ---.....--
          ---....###....-.---<...........%.......*.*...|  |.|         |....---
            --............--------..........------.....|  |.|     -----.----
             |.........---.---   |..........--   |...---  |.|   ---......|
             -#..............--- ---.|.......|   --.--    |.| ---...---..|
              |................|   -----.....|    ---     |.--|.....|...--
              |#...............|       |.....---          |..|-.........|
              #......|*--......|       -----...-----      --.|..........|
              ##...-------....--           --*.....|       |...........--
               ##..|     |...--             |>.....|       --.........--
                #---     -----              ---..---        ------.----
                                               ---               ---
Koku the Evoker           St:10 Dx:17 Co:14 In:15 Wi:11 Ch:8  Neutral
Dlvl:3  $:12 HP:0(13) Pw:9(12) AC:9  Xp:2 T:1120  Blind Deaf

Latest messages:
 In what direction? 2
 The spell hits the gas spore!
 You kill the gas spore!
 Boom!
 Where do you want to travel to?
 (For instructions type a '?')
 You swap places with Tulip.
 You hear crashing rock.
 You hear crashing rock.
 You see here a dart.
 A little dart shoots out at you!
 You are hit by a little dart.
 G - a dart.
 In what direction? 7
 You disarm the trap.
 You see here a dart.
 H - a dart.
 Where do you want to travel to?
 (For instructions type a '?')
 You swap places with Tulip.
 Where do you want to travel to?
 (For instructions type a '?')
 The bat bites!
 You kill the bat!
 You see here a cloudy potion.
 I - a cloudy potion.
 You see here a scroll labeled GNIK SISI VLE.
 J - a scroll labeled GNIK SISI VLE.
 In what direction? 2
 The boulder falls apart.
 You see here 35 rocks.
 You swap places with Tulip.
 You see here an orange gem.
 A - an orange gem (2 in total).
 You hear crashing rock.
 You are momentarily blinded by a flash of light!
 You hear a deafening roar!
 It touches you!
 You cannot escape from it!
 You cannot escape from it!
 It hits!
 It touches you!
 It hits!
 You die...
 Do you want your possessions identified? [ynq] (y) y
 Do you want to see your attributes? [ynq] (y) y
 Do you want an account of creatures vanquished? [ynaq] (y) y
 Do you want a list of species genocided? [ynq] (y) y
 Do you want to see your conduct and achievements? [ynq] (y) y
 Do you want to see the dungeon overview? [ynq] (y) y

Inventory:
 Coins    ('$')
  $ - 12 gold pieces
 Weapons  (')')
  H - a +0 dart
  G - a cursed -1 dart
  a - a blessed +1 quarterstaff (weapon in hands)
 Armor    ('[')
  b - an uncursed +0 cloak of magic resistance (being worn)
 Comestibles  ('%')
  v - an uncursed food ration
 Scrolls  ('?')
  x - an uncursed scroll of blank paper
  q - an uncursed scroll of confuse monster
  j - a blessed scroll of identify
  J - an uncursed scroll of light
  i - an uncursed scroll of remove curse
 Spellbooks  ('+')
  r - an uncursed spellbook of chain lightning
  l - a blessed spellbook of force bolt
  m - an uncursed spellbook of light
  s - an uncursed spellbook of magic missile
 Potions  ('!')
  f - 2 uncursed potions of extra healing
  h - a blessed potion of healing
  I - an uncursed potion of object detection
  g - a blessed potion of restore ability
 Rings    ('=')
  e - an uncursed ring of free action
  D - a blessed +1 ring of increase accuracy
  d - an uncursed ring of teleport control
 Wands    ('/')
  c - a wand of fire (0:7)
 Tools    ('(')
  F - an uncursed bag of holding containing 1 item
  o - a cursed crystal ball (0:5)
  n - a magic marker (0:21)
  C - a cursed skeleton key
 Gems/Stones  ('*')
  A - 2 uncursed worthless pieces of orange glass
  t - an uncursed worthless piece of red glass (in quiver pouch)
  B - an uncursed flint stone

Contents of the bag of holding:
  an uncursed spellbook of cure blindness

Koku the Wizard's attributes:

Background:
 You were an Evoker, a level 2 female gnomish Wizard.
 You were neutral, nominally on a mission for Thoth
 who was opposed by Ptah (lawful) and Anhur (chaotic).
 You were right-handed.
 You were in the Gnomish Mines, on level 3.
 You entered the dungeon 1120 turns ago.
 There was a new moon in effect when your adventure ended.
 You had 36 experience points, 4 more were needed to attain level 3.

Basics:
 You had 0 out of 13 hit points.
 You had 9 out of 12 energy points (spell power).
 Your armor class was 9.
 Your wallet contained 12 zorkmids.
 Autopickup was off.

Final Characteristics:
 Your strength was 10 (limit:18/50).
 Your dexterity was 17 (limit:18).
 Your constitution was 14 (limit:18).
 Your intelligence was 15 (limit:19).
 Your wisdom was 11 (limit:18).
 Your charisma was 8 (limit:18).

Final Status:
 You were temporarily blind.
 You were deaf.
 You were held by a lichen (southeast).
 You weren't hungry.
 You were unencumbered.
 You were wielding a quarterstaff.
 You had basic skill with quarterstaff.

Final Attributes:
 You were devoutly aligned.
 You were magic-protected.
 You had infravision.
 You were warded.
 You are dead.

Miscellaneous:
 You didn't encounter any bones levels.
 Total elapsed playing time was 11 minutes and 35 seconds.

Major events:
 Turn
    1: Koku the neutral female gnomish Wizard entered the dungeon
  718: performed her first genocide (large mimics)
  820: entered the Gnomish Mines
 1120: killed by a hobbit

Spells:
 Name                 Level Category     Fail Retention
 force bolt             1   attack         0%  91%-100%
 light                  1   divination     0%  76%-100%
 magic missile          2   attack         0%  91%-100%
 chain lightning        2   attack         0%  91%-100%

Skills:
 Fighting Skills
   bare handed combat [Unskilled]
   riding             [Unskilled]
 Weapon Skills
   dagger             [Unskilled]
   knife              [Unskilled]
   axe                [Unskilled]
   short sword        [Unskilled]
   club               [Unskilled]
   mace               [Unskilled]
   quarterstaff       [Basic]
   polearms           [Unskilled]
   spear              [Unskilled]
   trident            [Unskilled]
   sling              [Unskilled]
   dart               [Unskilled]
   shuriken           [Unskilled]
 Spellcasting Skills
   attack spells      [Basic]
   healing spells     [Unskilled]
   divination spells  [Unskilled]
   enchantment spells [Basic]
   clerical spells    [Unskilled]
   escape spells      [Unskilled]
   matter spells      [Unskilled]

Voluntary challenges:
 Character rerolling was not enabled.
 You were an atheist.
 You genocided 1 type of monster.
 You never polymorphed an object.
 You never changed form.
 You used no wishes.
Achievement:
 You entered the Gnomish Mines.

 The Dungeons of Doom: levels 1 to 2
    Level 1:
    Level 2:
       Some fountains.
       Stairs down to The Gnomish Mines.
 The Gnomish Mines:
    Level 3: <- You were here.
       Final resting place for
          you, killed by a hobbit.


Vanquished creatures:
  2 gas spores
  a manes
  a red mold
  a gnome
  a gecko
  2 jackals
  a fox
  2 kobolds
  3 grid bugs
  a bat
  2 lichens
  a kobold zombie
  5 newts
23 creatures vanquished.

Genocided species:
 large mimics
1 species genocided.

Game over:
                       ----------
                      /          \
                     /    REST    \
                    /      IN      \
                   /     PEACE      \
                  /                  \
                  |       Koku       |
                  |      12 Au       |
                  |   killed by a    |
                  |      hobbit      |
                  |                  |
                  |                  |
                  |       2026       |
                 *|     *  *  *      | *
        _________)/\\_//(\/(/\)/\//\/|_)_______

Goodbye Koku the Wizard...

You died in The Gnomish Mines on dungeon level 3 with 265 points,
and 12 pieces of gold, after 1120 moves.
You were level 2 with a maximum of 13 hit points when you died.

